 Dungeon Crawl Stone Soup version 0.32-a0-131-g9dbbe29261 (webtiles) character file.

Game seed: 1058072888605118668

164 odbg100 the Trooper (level 5, 0/75 HPs)
             Began as a Hill Orc Fighter on Feb 9, 2024.
             Succumbed to Crazy Yiuf's poison
             ... on level 2 of the Dungeon.
             The game lasted 00:02:10 (1219 turns).

odbg100 the Trooper (Hill Orc Fighter)              Turns: 1219, Time: 00:02:11

Health: 0/75       AC:  6    Str: 21    XL:     5   Next: 45%
Magic:  4/5        EV:  9    Int:  8    God:
Gold:   70         SH:  4    Dex: 10    Spells: 4/4 levels left

rFire   . . .        a - +0 war axe
rCold   . . .        c - +0 buckler
rNeg    . . .        b - +0 scale mail
rPois   .            (no helmet)
rElec   .            (no cloak)
rCorr   .            (no gloves)
SInv    .            (no boots)
Will    .....        (no amulet) Stlth
                     (no ring)
HPRegen 0.32/turn    (no ring)
MPRegen 0.09/turn

%: no passive effects
@: berserking, lethally poisoned (0 -> -10), very quick
A: no striking features
a: no special abilities


You were on level 2 of the Dungeon.
You visited 1 branch of the dungeon, and saw 2 of its levels.

You collected 70 gold pieces.

Inventory:

Hand Weapons
 a - a +0 war axe (weapon)
Armour
 b - a +0 scale mail (worn)
 c - a +0 buckler (worn)
Jewellery
 e - a ring of fire
Scrolls
 f - a scroll of teleportation
 h - a scroll of fog {unknown}
 j - 2 scrolls of immolation {unknown}
 m - a scroll of identify (quivered)
Potions
 d - 2 potions of might
 g - 2 potions of brilliance
 i - a potion of attraction {unknown}
 k - a potion of enlightenment {unknown}
 l - a potion of berserk rage {unknown}
 n - a potion of lignification {unknown}


   Skills:
 + Level 5.7 Fighting
 + Level 5.4 Axes
 - Level 3.2 Armour
 - Level 3.2 Shields


You had 4 spell levels left.
You didn't know any spells.
Your spell library was empty.

Dungeon Overview and Level Annotations

Branches:
Dungeon (2/15)

Altars:
Yredelemnul


Message History

Crazy Yiuf shouts!
Crazy Yiuf cries, "Walk!"
Could not explore, unopened runed door.
You open the door.
Crazy Yiuf twirls on the spot.
You block Crazy Yiuf's attack.
There is an open translucent door here.
You slash Crazy Yiuf!
Crazy Yiuf is severely wounded.
Crazy Yiuf hits you with a +4 quarterstaff of chaos!
You feel your power leaking away.
Crazy Yiuf hits you with a +4 quarterstaff of chaos!
Crazy Yiuf freezes you.
You barely miss Crazy Yiuf.
Crazy Yiuf is severely wounded.
Crazy Yiuf hits you with a +4 quarterstaff of chaos!
You are lethally poisoned!
You are too injured to fight recklessly!
You are too injured to fight recklessly!
You are too injured to fight recklessly!
You are too injured to fight recklessly!
You are too injured to fight recklessly!
You are too injured to fight recklessly!
You are too injured to fight recklessly!
You are too injured to fight recklessly!
You closely miss Crazy Yiuf.
Crazy Yiuf is severely wounded.
* * * LOW HITPOINT WARNING * * *
You feel very sick.
Crazy Yiuf hits you with a +4 quarterstaff of chaos!
* * * LOW HITPOINT WARNING * * *
A red film seems to cover your vision as you go berserk!
You feel yourself moving faster!
You feel mighty!
You slash Crazy Yiuf!
You kill Crazy Yiuf!
* * * LOW HITPOINT WARNING * * *
You feel sick.
Calm down first, please.
Calm down first, please.
You die...

...#.####.#
#........# #......
...#.####.#
#........# #......
####[..##.#
#........# #......
#.....#.############
#...... ##........#
##..(... #......##.#
##### #.......
#....###### #..)#
#....... #....#
#...# #.#'#.##
#....# #.@.# #.#.#.#
#....# ##'##
#.#.#.## #....# ##.#
#.#<#... #....# #.##
#.###... #....# ##.#
#####....... ######
#.## #...########
##.## ###..#......
#...## ##.#......
#P..P# ####(#......


There were no monsters in sight!

Vanquished Creatures
  Crazy Yiuf (D:2)
  Jessica (D:2)
  Natasha (thrice) (D:2)
  2 dart slugs (D:2)
  An endoplasm (D:1)
  3 giant cockroaches
  3 hobgoblins
  7 kobolds
  2 quokkas
  3 ball pythons
  3 bats
  A goblin (D:2)
  8 rats
38 creatures vanquished.

Notes
Turn   | Place    | Note
-------+----------+-------------------------------------------
     0 | D:1      | odbg100 the Hill Orc Fighter began the quest for the Orb.
     0 | D:1      | Reached XP level 1. HP: 19/19 MP: 1/1
   138 | D:1      | Reached XP level 2. HP: 27/27 MP: 2/2
   606 | D:2      | Noticed Jessica
   608 | D:2      | Killed Jessica
   609 | D:2      | Reached XP level 3. HP: 32/34 MP: 3/3
   684 | D:2      | Reached XP level 4. HP: 41/41 MP: 4/4
   724 | D:2      | Noticed Natasha
   732 | D:2      | Killed Natasha
   733 | D:2      | Reached skill level 5 in Fighting
   772 | D:2      | Found a basalt altar of Yredelemnul.
  1000 | D:2      | Found a runed translucent door.
  1001 | D:2      | Noticed Crazy Yiuf
  1057 | D:2      | Noticed Natasha
  1062 | D:2      | Killed Natasha
  1063 | D:2      | Reached skill level 5 in Axes
  1097 | D:2      | Noticed Natasha
  1102 | D:2      | Killed Natasha
  1103 | D:2      | Reached XP level 5. HP: 48/48 MP: 5/5
  1217 | D:2      | HP: 2/48 [Crazy Yiuf/+4 quarterstaff of chaos (9)]
  1218 | D:2      | Killed Crazy Yiuf
  1219 | D:2      | Succumbed to Crazy Yiuf's poison

Illustrated notes

Levels and vault maps discovered:
D:1:      kennysheep_arrival_forest, layout_rooms,
          chequers_serial_rivers_small_b
D:2:      layout_basic, basic_altar, uniq_crazy_yiuf_cottage, uniq_jessica,
          uniq_natasha

Skill      XL: |  1  2  3  4 |
---------------+-------------+-----
Axes           | 3 4 5 |  5.4
Fighting       | 4 5 |  5.7
Armour         | |  3.2
Shields        | |  3.2

Action                     |  1- 3 |  4- 6 || total
---------------------------+-------+-------++-------
  Melee: War axe           |    76 |    33 ||   109
    Use: Scroll            |     2 |       ||     2
   Stab: Distracted        |     1 |       ||     1
 Armour: Scale mail        |    51 |    19 ||    70
  Dodge: Dodged            |    40 |    10 ||    50
  Block: Buckler           |    16 |     5 ||    21

Table legend: (Time is in decaauts)
 A = Elapsed time spent in this place.
 B = Non-inter-level travel time spent in this place.
 C = Inter-level travel time spent in this place.
 D = Time resting spent in this place.
 E = Time spent auto-exploring this place.
 F = Levels seen in this place.
 G = Mean time per level.
                   A        B        C        D        E       F      G
               +--------+--------+--------+--------+--------+-----+--------+
         Total |   1255 |   1199 |     56 |      0 |    938 |   2 |  627.5 |
       Dungeon |   1255 |   1199 |     56 |      0 |    938 |   2 |  627.5 |
               +--------+--------+--------+--------+--------+-----+--------+

Top non-repeatable levels by time:
     D:2: 702 daAuts
     D:1: 552 daAuts
